 Dungeon Crawl Stone Soup version 0.22-a0-389-g8519d86 (webtiles) character file.

25 Kairos the Skirmisher (level 3, 20/20 HPs)
             Began as a Vine Stalker Fighter on Apr 30, 2018.
             Quit the game on level 1 of the Dungeon.
             The game lasted 00:00:58 (977 turns).

Kairos the Skirmisher (Vine Stalker Fighter)         Turns: 977, Time: 00:00:58

Health: 20/20      AC:  6    Str: 19    XL:     3   Next: 6%
Magic:  4/4        EV:  7    Int:  8    God:
Gold:   28         SH:  9    Dex: 13    Spells: 2/2 levels left

rFire    . . .     SeeInvis .   a - +0 war axe
rCold    . . .     Gourm    .   c - +0 shield
rNeg     . . .     Faith    .   b - +0 scale mail
rPois    .         Spirit   +   (no helmet)
rElec    .         Reflect  .   (no cloak)
rCorr    .         Harm     .   (no gloves)
MR       .....                  (no boots)
Stlth    ..........             (no amulet)
HPRegen  0.06/turn              (no ring)
MPRegen  0.09/turn              (no ring)

@: no status effects
A: fangs 2, magic shield, antimagic bite, no potion heal 3, rot immunity
a: no special abilities


You were on level 1 of the Dungeon.
You were not hungry.

You visited 1 branch of the dungeon, and saw 1 of its levels.

You collected 28 gold pieces.

Inventory:

Hand Weapons
 a - a +0 war axe (weapon)
Armour
 b - a +0 scale mail (worn)
 c - a +0 shield (worn)
Scrolls
 e - 2 scrolls of teleportation
 i - a scroll of immolation
 j - a scroll of random uselessness
Potions
 d - 2 potions of might
 g - 2 potions of curing
Comestibles
 f - 2 rations


   Skills:
 + Level 3.1 Fighting
 + Level 2.2 Axes
 + Level 2.6 Armour
 + Level 0.1 Dodging
 + Level 2.7 Shields


You had 2 spell levels left.
You didn't know any spells.

Dungeon Overview and Level Annotations

Branches:
Dungeon (1/15)

Altars:


Innate Abilities, Weirdness & Mutations

You have extremely sharp teeth.
When hurt, damage is shared between your health and your magic reserves.
Your bite disrupts and absorbs the magic of your enemies.
Potions cannot restore your health.
You are immune to rotting.


Message History

You open the door.
There is an open door here.
You open the door.
There is an open door here.
Key pressed, stopping explore.
No target in view!
Key pressed, stopping explore.
No target in view!
No target in view!
No target in view!
As you read the scroll labeled ASIHOCV ROPPOST, it crumbles to dust.
It is a scroll of identify.
e - 2 scrolls of teleportation
As you read the scroll of identify, it crumbles to dust.
j - a scroll of random uselessness
As you read the scroll of identify, it crumbles to dust.
g - 2 potions of curing
As you read the scroll of identify, it crumbles to dust.
i - a scroll of immolation Are you sure you want to abandon this character and quit the game? (Confirm with "yes".)

#...#.#########......###.......##
#...#.###<## #########........##
#...#.##...############.#####+#..
#####.##................#####.#..
.......†.........[..........#.#..
##..)#.#.###############.........
+.....................'.........
#...#..........####...#.........
##...#..........@#.#.#.#.#..#+###
.....#..........#...........#.###
...........#######.##'##.#..#.##.
####+#.#...........#...#..#.#'##.
#....#..###...##.+...+.##....#.
#....#..###...#..#...#..#....#.
###....#.........#.##+##.##....#.
.......# ##...............#.#'##.
###....# +......#.#.#.#.##.#..'.


There were no monsters in sight!

Vanquished Creatures
  A dart slug (D:1)
  2 leopard geckos (D:1)
  3 goblins (D:1)
  2 hobgoblins (D:1)
  2 jackals (D:1)
  4 bats (D:1)
  3 frilled lizards (D:1)
  3 kobolds (D:1)
  3 rats (D:1)
23 creatures vanquished.

Notes
Turn   | Place    | Note
-------+----------+-------------------------------------------
     0 | D:1      | Kairos the Vine Stalker Fighter began the quest for the Orb.
     0 | D:1      | Reached XP level 1. HP: 11/11 MP: 2/2
   103 | D:1      | Reached skill level 3 in Fighting
   103 | D:1      | Reached XP level 2. HP: 9/16 MP: 3/3
   761 | D:1      | Reached XP level 3. HP: 16/20 MP: 4/4
   977 | D:1      | Quit the game

Vault maps used:
D:1:      saegor_arrival_simple_a, minmay_misc_feat_alley,
          minmay_misc_feat_doors

Skill      XL: |  1  2 |
---------------+-------+-----
Fighting       | 3 |  3.1
Axes           | 2 |  2.2
Armour         | |  2.6
Dodging        | |  0.1
Shields        | |  2.7

Action                   || total
-------------------------++-------
Melee: War axe           ||    72
       Bite              ||    17
  Use: Scroll            ||     4
 Stab: Distracted        ||     1
Armor: Scale mail        ||    35
Dodge: Dodged            ||    18
Block: Shield            ||    46

Table legend:
 A = Spawn XP
 B = Non-spawn XP
 C = Spawn XP percentage of total XP
 D = Spawn monster count
 E = Non-spawn monster count
 F = Spawn count percentage of total count
 G = Total turns spent on level
                    A         B        C        D         E        F      G
               +---------+---------+-------+---------+---------+-------+---------
         Total |       0 |      37 |   0.0 |       0 |      23 |   0.0 |   977
               +---------+---------+-------+---------+---------+-------+---------
           D:1 |       0 |      37 |   0.0 |       0 |      23 |   0.0 |   977
               +---------+---------+-------+---------+---------+-------+---------
